 Dungeon Crawl Stone Soup version 0.28.0-43-g3370ac3207 (webtiles) character file.

Game seed: 15656809429738616118

22 Zeld the Gusty (level 2, 0/15 HPs)
             Began as a Tengu Air Elementalist on Mar 29, 2022.
             Slain by a goblin
             ... wielding a +0 dagger
              (1 damage)
             ... on level 1 of the Dungeon.
             The game lasted 00:02:53 (808 turns).

Zeld the Gusty (Tengu Air Elementalist)              Turns: 808, Time: 00:02:53

Health: 0/15       AC:  2    Str:  8    XL:     2   Next: 91%
Magic:  4/6        EV: 12    Int: 15    God:
Gold:   14         SH:  0    Dex: 14    Spells: 2/5 levels left

rFire   . . .      SeeInvis +   a - +2 dagger (elec)
rCold   . . .      Faith    .   (no shield)
rNeg    . . .      Spirit   .   f - +0 robe
rPois   .          Reflect  .   (helmet restricted)
rElec   .          Harm     .   (no cloak)
rCorr   .          Rampage  .   (no gloves)
Will    .....                   (boots unavailable)
Stlth   ++........              (no amulet)
HPRegen 0.05/turn               d - ring of see invisible
MPRegen 0.10/turn               (no ring)

@: no status effects
A: beak, talons 3
a: no special abilities


You were on level 1 of the Dungeon.
You visited 1 branch of the dungeon, and saw 1 of its levels.

You collected 14 gold pieces.

Inventory:

Hand Weapons
 a - a +2 dagger of electrocution (weapon)
Armour
 f - a +0 robe (worn)
Jewellery
 d - a ring of see invisible (left hand)
Scrolls
 b - a scroll of identify {unknown}
 c - a scroll of brand weapon {unknown}
 e - a scroll of noise {unknown}
Potions
 g - a potion of resistance {unknown}


   Skills:
 + Level 2.3 Dodging
 + Level 2.2 Stealth
 * Level 2.3 Spellcasting
 + Level 2.0 Conjurations
 * Level 4.3 Air Magic


You had 2 spell levels left.
You knew the following spells:

 Your Spells              Type           Power      Damage    Failure   Level
a - Shock                 Conj/Air       44%        1d5       6%          1
b - Static Discharge      Conj/Air       11%        N/A       9%          2

Your spell library contained the following spells:

 Spells                   Type           Power      Damage    Failure   Level
 Magic Dart               Conj           28%        1d4       10%         1
 Call Imp                 Summ           1%         N/A       32%         2
 Swiftness                Air            14%        N/A       11%         3
 Mephitic Cloud           Conj/Pois/Air  8%         N/A       26%         3
 Airstrike                Air            7%         N/A       34%         4


Dungeon Overview and Level Annotations

Branches:
Dungeon (1/15)

Altars:


Innate Abilities, Weirdness & Mutations

You have a beak for a mouth.
You have claws for feet.


Message History

You hit the endoplasm but do no damage. The endoplasm freezes you.
You are frozen.
You hit the endoplasm. You claw the endoplasm.
You kill the endoplasm!
A goblin comes into view. It is wielding a +0 dagger.
Found 21 bolts.
The goblin shouts!
The bat misses you. The bat hits you.
There are monsters nearby!
You barely miss the bat. The bat barely misses you.
There are monsters nearby!
You completely miss the goblin. The bat barely misses you.
The goblin hits you with a +0 dagger. The bat hits you but does no damage.
The goblin hits you with a +0 dagger.
You are too injured to fight recklessly!
The goblin hits you with a +0 dagger.
* * * LOW HITPOINT WARNING * * *
The bat hits you.
* * * LOW HITPOINT WARNING * * *
You are too injured to fight recklessly!
You are too injured to fight recklessly!
Casting: Shock (safe; 6% risk of failure)
Confirm with . or Enter, or press ? or * to list all spells.
Aiming: Shock (safe; 6% risk of failure)
Press: ? - help, Shift-Dir - straight line, f - bat
Aim: a bat (52% to hit)
The zap hits the bat.
You kill the bat!
The goblin hits you with a +0 dagger.
* * * LOW HITPOINT WARNING * * *
Your Conjurations skill increases to level 2!
Casting: Shock (safe; 6% risk of failure)
Confirm with . or Enter, or press ? or * to list all spells.
Aiming: Shock (safe; 6% risk of failure)
Press: ? - help, Shift-Dir - straight line, f - goblin
Aim: a goblin, wielding a +0 dagger (60% to hit)
The zap misses the goblin.
The goblin hits you with a +0 dagger.
You die...

#.................
#...............).
#.....#...........
#.....#...........
#.....#...........
#................
#................
#................
#.....@g.....###.
#............#
#.....#....#....
#.....#....#....
###
#...............
####8<
##......(.......
#.....
#............
#8..... #....
....... #...8..
#8.....


You could see a goblin.

Vanquished Creatures
  A dart slug (D:1)
  2 ball pythons (D:1)
  3 endoplasms (D:1)
  3 goblins (D:1)
  3 hobgoblins (D:1)
  A bat (D:1)
  2 frilled lizards (D:1)
  3 kobolds (D:1)
18 creatures vanquished.

Notes
Turn   | Place    | Note
-------+----------+-------------------------------------------
     0 | D:1      | Zeld the Tengu Air Elementalist began the quest for the
                  | Orb.
     0 | D:1      | Reached XP level 1. HP: 10/10 MP: 4/4
   393 | D:1      | Reached XP level 2. HP: 15/15 MP: 3/6
   771 | D:1      | Learned a level 2 spell: Static Discharge
   808 | D:1      | Slain by a goblin

Illustrated notes

Levels and vault maps discovered:
D:1:      mrwooster_arrival_statue_2, layout_basic, serial_shops, shop

Skill      XL: |  1  2 |
---------------+-------+-----
Conjurations   | 2 |  2.0
Dodging        | |  2.3
Stealth        | |  2.2
Spellcasting   | |  2.3
Air Magic      | |  4.3

Action                   || total
-------------------------++-------
Melee: Unarmed           ||    10
       Kick              ||     3
       Peck              ||     1
       Dagger            ||     5
 Cast: Shock             ||    34
 Stab: Sleeping          ||     1
Armor: Robe              ||     1
Dodge: Dodged            ||    11
